 Dungeon Crawl Stone Soup version 0.26.0-45-g9c1d065592 (webtiles) character file.

Game seed: 5398551812348354766

95 dolemite99 the Firebug (level 4, -3/32 HPs)
             Began as a Gnoll Fire Elementalist on Feb 1, 2021.
             Killed from afar by an orc wizard (5 damage)
             ... with a magic dart
             ... on level 3 of the Dungeon.
             The game lasted 00:04:23 (2039 turns).

dolemite99 the Firebug (Gnoll Fire Elementalist)    Turns: 2039, Time: 00:04:24

Health: -3/32      AC:  4    Str: 11    XL:     4   Next: 66%
Magic:  6/11       EV: 15    Int: 18    God:
Gold:   180        SH:  0    Dex: 15    Spells: 12/13 levels left

rFire    . . .     SeeInvis .   t - +0 spear (vorpal)
rCold    . . .     Faith    .   (no shield)
rNeg     . . .     Spirit   .   a - +0 robe
rPois    .         Reflect  .   o - +2 hat
rElec    .         Harm     .   (no cloak)
rCorr    .         Rampage  .   (no gloves)
Will     .....                  (no boots)
Stlth    +++.......             (no amulet)
HPRegen  0.10/turn              (no ring)
MPRegen  0.12/turn              (no ring)

@: no status effects
A: distributed training, fangs 1, strong nose
a: no special abilities


You were on level 3 of the Dungeon.
You visited 1 branch of the dungeon, and saw 3 of its levels.

You collected 180 gold pieces.

Inventory:

Hand Weapons
 c - a -3 mace
 p - a +0 hunting sling
 t - a +0 vorpal spear (weapon)
Missiles
 d - 12 poisoned darts
 h - 89 stones
 m - 24 sling bullets
Armour
 a - a +0 robe (worn)
 k - a +3 ring mail
 o - a +2 hat (worn)
Scrolls
 b - a scroll of remove curse {@r2}
 e - a scroll of blinking {unknown}
 f - a scroll of enchant weapon {unknown}
 q - 2 scrolls of teleportation
 s - a scroll of identify {unknown}
Potions
 g - a potion of berserk rage {unknown}
 i - a potion of degeneration {unknown}
 j - 2 potions of haste {unknown}
 l - a potion of lignification {unknown}
 n - a potion of heal wounds {unknown}
 r - a potion of curing {unknown}


   Skills:
 + Level 1.2 Fighting
 + Level 1.2 Short Blades
 + Level 1.2 Long Blades
 + Level 1.2 Axes
 + Level 1.2 Maces & Flails
 + Level 1.2 Polearms
 + Level 1.2 Staves
 + Level 1.2 Slings
 + Level 1.2 Bows
 + Level 1.2 Crossbows
 + Level 1.2 Throwing
 + Level 1.2 Armour
 + Level 4.6 Dodging
 + Level 4.3 Stealth
 + Level 1.2 Shields
 + Level 1.2 Unarmed Combat
 + Level 5.1 Spellcasting
 + Level 2.2 Conjurations
 + Level 1.0 Hexes
 + Level 1.0 Summonings
 + Level 1.0 Necromancy
 + Level 1.0 Translocations
 + Level 1.0 Transmutations
 + Level 5.5 Fire Magic
 + Level 1.0 Ice Magic
 + Level 1.0 Air Magic
 + Level 1.0 Earth Magic
 + Level 1.0 Poison Magic
 + Level 1.3 Invocations
 + Level 1.2 Evocations


You had 12 spell levels left.
You knew the following spells:

 Your Spells              Type           Power        Failure   Level
a - Foxfire               Conj/Fire      72%          2%          1

Your spell library contained the following spells:

 Spells                   Type           Power        Failure   Level
 Conjure Flame            Conj/Fire      18%          8%          3
 Inner Flame              Hex/Fire       16%          11%         3
 Sticky Flame             Conj/Fire      18%          26%         4
 Fireball                 Conj/Fire      9%           58%         5


Dungeon Overview and Level Annotations

Branches:
Dungeon (3/15)

Altars:


Innate Abilities, Weirdness & Mutations

Your experience applies equally to all skills.
You have very sharp teeth.
Your uncanny sense of smell can sniff out nearby items.


Message History

The orc wizard is moderately wounded.
The foxfire hits the orc wizard but does no damage.
The orc wizard is moderately wounded.
The orc hits you.
The orc wizard gestures at you while chanting.
The puff of flame hits you!
Casting: Foxfire (safe; 2% risk of failure)
Confirm with . or Enter, or press ? or * to list all spells.
You conjure some foxfire!
The orc hits you. The orc wizard barely misses you.
The foxfire hits the orc wizard.
The orc wizard is heavily wounded.
The foxfire hits the orc wizard.
The orc wizard is almost dead.
The orc misses you.
The orc wizard points at you and mumbles some strange words.
The puff of flame hits you!
* * * LOW HITPOINT WARNING * * *
The orc wizard points at you and mumbles some strange words.
The magic dart hits you.
You die...

#...#........
#######...#........
#.........#........ ###
#.........#........ #.. .
#.................. #.# #
.###........#......... #.# .#
.......>....#..###########.###.#
............##.[........##.#...
............+...@..>.......#.#
...#........##..§oo...)..#...#
#..........#..#.).....#†###
###..........#..#.......#.######
#............#..#.......#.....o<
#..................÷....########
+.......................#
#..<....................#
#.†......###....).......#


You could see an orc wizard and an orc.

Vanquished Creatures
  4 adders (D:2)
  An ooze (D:3)
  A worm (D:3)
  2 dart slugs
  2 leopard geckos (D:1)
  3 orcs (D:3)
  10 bats
  3 giant cockroaches (D:2)
  7 goblins
  2 hobgoblins
  2 jackals (D:3)
  A frilled lizard (D:2)
  3 kobolds
  3 rats (D:2)
44 creatures vanquished.

Vanquished Creatures (others)
  108 foxfires
  2 plants (D:1)
110 creatures vanquished.

Grand Total: 154 creatures vanquished

Notes
Turn   | Place    | Note
-------+----------+-------------------------------------------
     0 | D:1      | dolemite99 the Gnoll Fire Elementalist began the quest for
                  | the Orb.
     0 | D:1      | Reached XP level 1. HP: 13/13 MP: 6/6
   161 | D:1      | Reached XP level 2. HP: 19/19 MP: 5/7
   493 | D:2      | Reached skill level 5 in Spellcasting
   493 | D:2      | Reached XP level 3. HP: 25/25 MP: 2/9
   747 | D:1      | Reached skill level 1 in Invocations
  1283 | D:2      | Reached skill level 1 in Fighting
  1283 | D:2      | Reached skill level 1 in Short Blades
  1283 | D:2      | Reached skill level 1 in Long Blades
  1283 | D:2      | Reached skill level 1 in Axes
  1283 | D:2      | Reached skill level 1 in Maces & Flails
  1283 | D:2      | Reached skill level 1 in Polearms
  1283 | D:2      | Reached skill level 1 in Staves
  1283 | D:2      | Reached skill level 1 in Slings
  1283 | D:2      | Reached skill level 1 in Bows
  1283 | D:2      | Reached skill level 1 in Crossbows
  1283 | D:2      | Reached skill level 1 in Throwing
  1283 | D:2      | Reached skill level 1 in Armour
  1283 | D:2      | Reached skill level 1 in Shields
  1283 | D:2      | Reached skill level 1 in Unarmed Combat
  1283 | D:2      | Reached skill level 1 in Evocations
  1293 | D:2      | Reached XP level 4. HP: 32/32 MP: 7/11
  1789 | D:3      | Reached skill level 1 in Hexes
  1789 | D:3      | Reached skill level 1 in Summonings
  1789 | D:3      | Reached skill level 1 in Necromancy
  1789 | D:3      | Reached skill level 1 in Translocations
  1789 | D:3      | Reached skill level 1 in Transmutations
  1789 | D:3      | Reached skill level 1 in Ice Magic
  1789 | D:3      | Reached skill level 1 in Air Magic
  1789 | D:3      | Reached skill level 1 in Earth Magic
  1789 | D:3      | Reached skill level 1 in Poison Magic
  2039 | D:3      | Killed from afar by an orc wizard

Illustrated notes

Levels and vault maps discovered:
D:1:      sevenhm_arrival_forest_fort_small_3, layout_loops_ring, minivault_23
D:2:      layout_rooms
D:3:      layout_basic, gammafunk_temple_overflow_pools

Skill      XL: |  1  2  3  4 |
---------------+-------------+-----
Conjurations   | 2 |  2.2
Spellcasting   | 5 |  5.1
Invocations    | 1 |  1.3
Fighting       | 1 |  1.2
Short Blades   | 1 |  1.2
Long Blades    | 1 |  1.2
Axes           | 1 |  1.2
Maces & Flails | 1 |  1.2
Polearms       | 1 |  1.2
Staves         | 1 |  1.2
Slings         | 1 |  1.2
Bows           | 1 |  1.2
Crossbows      | 1 |  1.2
Throwing       | 1 |  1.2
Armour         | 1 |  1.2
Shields        | 1 |  1.2
Unarmed Combat | 1 |  1.2
Evocations     | 1 |  1.2
Hexes          | 1 |  1.0
Summonings     | 1 |  1.0
Necromancy     | 1 |  1.0
Translocations | 1 |  1.0
Transmutations | 1 |  1.0
Ice Magic      | 1 |  1.0
Air Magic      | 1 |  1.0
Earth Magic    | 1 |  1.0
Poison Magic   | 1 |  1.0
Dodging        | |  4.6
Stealth        | |  4.3
Fire Magic     | |  5.5

Action                   |  1- 3 |  4- 6 || total
-------------------------+-------+-------++-------
Melee: Spear             |       |     6 ||     6
       Mace              |       |     1 ||     1
 Cast: Foxfire           |    32 |    32 ||    64
  Use: Scroll            |       |     2 ||     2
Armor: Robe              |    11 |     8 ||    19
Dodge: Dodged            |    41 |    22 ||    63
